 Dungeon Crawl Stone Soup version 0.24-a0-230-g536ed4e33c (webtiles) character file.

Game seed: 9388805861541168639

4370 CedricTheThird the Basher (level 10, -5/60 HPs)
             Began as a Gargoyle Fighter on Apr 2, 2019.
             Was an Initiate of Okawaru.
             Slain by an orc warrior
             ... wielding a +0 halberd
              (10 damage)
             ... on level 8 of the Dungeon.
             The game lasted 00:23:17 (7558 turns).

CedricTheThird the Basher (Gargoyle Fighter)        Turns: 7558, Time: 00:23:18

Health: -5/60      AC: 24    Str: 24    XL:     10   Next: 34%
Magic:  10/10      EV:  6    Int:  6    God:    Okawaru [......]
Gold:   438        SH: 16    Dex:  9    Spells: 9/9 levels left

rFire    . . .     SeeInvis .   v - +5 flail
rCold    . . .     Gourm    .   c - +1 shield
rNeg     + . .     Faith    .   e - +0 plate armour
rPois    ∞         Spirit   .   (helmet restricted)
rElec    +         Reflect  .   i - +2 cloak {MR+}
rCorr    .         Harm     .   l - +0 pair of gloves
MR       +....                  (no boots)
Stlth    ..........             (no amulet)
HPRegen  0.20/turn              (no ring)
MPRegen  0.12/turn              (no ring)

@: no status effects
A: horns 1, large bone plates 1, dopey 1, negative energy resistance 1,
electricity resistance, unbreathing, petrification resistance, rot immunity,
MP-powered wands, AC +7
a: Renounce Religion


You were on level 8 of the Dungeon.
You worshipped Okawaru.
Okawaru was noncommittal.
You were not hungry.

You visited 2 branches of the dungeon, and saw 9 of its levels.

You collected 438 gold pieces.

Inventory:

Hand Weapons
 v - a +5 flail (weapon)
Armour
 c - a +1 shield (worn)
 e - a +0 plate armour (worn)
 i - a +2 cloak of magic resistance (worn)
 l - a +0 pair of gloves (worn)
 r - a scarf of cloud immunity
Jewellery
 m - an uncursed amulet of magic regeneration
Wands
 d - a wand of polymorph (10)
Scrolls
 g - a scroll of amnesia
 h - a scroll of magic mapping
 j - a scroll of fear
 k - a scroll of remove curse
 o - a scroll of immolation
 q - a scroll of blinking
 s - 4 scrolls of identify
Potions
 a - 3 potions of brilliance
 b - 2 potions of curing
 u - a potion of magic
Comestibles
 f - 16 rations


   Skills:
 + Level 5.9 Fighting
 * Level 11.1 Maces & Flails
 + Level 6.3 Armour
 + Level 3.0 Dodging
 + Level 7.2 Shields


You had 9 spell levels left.
You didn't know any spells.
Your spell library contained the following spells:

 Spells                   Type           Power        Failure   Level  Hunger
 Confusing Touch          Hex            #.....       100%        1    ##.....
 Confuse                  Hex            #.......     100%        3    ####...
 Gell's Gravitas          Tloc           #.........   100%        3    ####...
 Petrify                  Tmut/Erth      #.......     100%        4    #####..
 Metabolic Englaciation   Hex/Ice        #.........   100%        5    ######.
 Yara's Violent Unravell  Hex/Tmut       #.........   100%        5    ######.


Dungeon Overview and Level Annotations

Branches:
Dungeon (8/15)             Temple (1/1) D:7
   Lair: D:8-11

Altars:
Ashenzari
Cheibriados
Dithmenos
Elyvilon
Fedhas
Gozag
Hepliaklqana
Nemelex Xobeh
Okawaru
Qazlal
Ru
Sif Muna
Trog
Uskayaw
Vehumet
Wu Jian
Xom
Yredelemnul
Zin
The Shining One


Innate Abilities, Weirdness & Mutations

You are resistant to torment.
Your stone body is resilient. (AC +7)
You are immune to poison.
You resist negative energy. (rN+)
You are resistant to electric shocks. (rElec)
You can survive without breathing.
You are immune to petrification.
You are immune to rotting.
You have a pair of small horns on your head.
You are partially covered in large bone plates. (SH +4)
You are dopey. (Int -2)
You expend magic power (3 MP) to strengthen your wands.


Message History

You feel your magical essence link to your wands.
You feel stupid. A pair of horns grows on your head!
Large bone plates grow over parts of your arms.
The orc warrior barely misses you.
You hit the orc warrior. Your headbutt misses the orc warrior.
The orc warrior is lightly wounded.
The orc warrior hits you but does no damage.
Your plate armour prevents you from hitting the orc warrior.
The orc warrior is lightly wounded.
You bludgeon the orc warrior!!
The orc warrior is almost dead.
The orc warrior hits you with a +0 halberd!
* * * LOW HITPOINT WARNING * * *
Your plate armour prevents you from hitting the orc warrior.
The orc warrior is severely wounded.
The orc warrior closely misses you.
You barely miss the orc warrior.
The orc warrior is severely wounded.
The orc warrior hits you with a +0 halberd!
You die...

. #. ### # ##'# ..# ##
##.$.# #.# ##. #.....#
### #.# #.# .......##
##.###.# ##.
.......o####...##.######
.......@)(..............
........####...##.######
.......## ##.###.#
#.....# #.....# ##...#
#.##### ##'# #.# #.# ###
## #.#.# ....######.#
#.## ♣♣♣


You could see an orc warrior.

Vanquished Creatures
  Grinder (D:3)
  Sigmund (D:3)
  A human (D:7)
  4 hogs (D:7)
  Menkaure (D:7)
  Duvessa (D:5)
  3 orc warriors
  A necrophage (D:8)
  3 ogres
  A centaur (D:3)
  A big kobold (D:7)
  3 bullfrogs
  Dowan (D:5)
  A scorpion (D:8)
  13 wights
  2 jellies
  6 howler monkeys
  4 crimson imps
  A bullfrog zombie (D:5)
  2 centaur skeletons (D:7)
  3 orc priests
  Crazy Yiuf (D:4)
  2 hounds
  6 orc wizards
  3 iguanas
  9 worker ants
  A hound zombie (D:7)
  3 hound skeletons
  A worker ant zombie (D:7)
  9 gnolls
  10 adders
  A shadow imp (D:6)
  3 worms
  2 dart slugs
  5 leopard geckos
  22 orcs
  5 ball pythons
  5 giant cockroaches
  14 goblins
  3 hobgoblins
  8 jackals (D:3)
  14 kobolds
  7 quokkas
  7 bats
  4 frilled lizards
  A leopard gecko zombie (D:6)
  A quokka skeleton (D:6)
  7 rats
208 creatures vanquished.

Vanquished Creatures (others)
  An orc wizard (D:4)
  An orc (D:4)
2 creatures vanquished.

Grand Total: 210 creatures vanquished

Notes
Turn   | Place    | Note
-------+----------+-------------------------------------------
     0 | D:1      | CedricTheThird the Gargoyle Fighter began the quest for the
                  | Orb.
     0 | D:1      | Reached XP level 1. HP: 14/14 MP: 1/1
   113 | D:1      | Reached XP level 2. HP: 19/19 MP: 2/2
   253 | D:1      | Reached XP level 3. HP: 20/23 MP: 3/3
   269 | D:1      | You fall through a shaft!
   273 | D:2      | Found a bloodstained altar of Trog.
   534 | D:1      | Reached skill level 3 in Maces & Flails
   573 | D:1      | Reached XP level 4. HP: 22/28 MP: 4/4
   837 | D:2      | Found a faded altar of an unknown god.
  1073 | D:2      | Found a shattered altar of Ashenzari.
  1226 | D:3      | Noticed Sigmund
  1237 | D:3      | Noticed a centaur
  1359 | D:3      | Noticed Grinder
  1415 | D:5      | Entered Level 5 of the Dungeon
  1772 | D:5      | Reached skill level 4 in Maces & Flails
  1772 | D:5      | Reached XP level 5. HP: 29/32 MP: 5/5
  1915 | D:5      | Reached XP level 6. HP: 38/38 MP: 6/6
  1930 | D:4      | Got a steaming robe
  1945 | D:4      | Identified the +0 robe of Classification {rElec Str+3
                  | Int+4} (You found it on level 4 of the Dungeon)
  2177 | D:5      | Reached skill level 5 in Maces & Flails
  2177 | D:5      | Reached skill level 1 in Dodging
  2225 | D:4      | Noticed Duvessa
  2233 | D:4      | Noticed Dowan
  2463 | D:5      | Reached XP level 7. HP: 41/42 MP: 7/7
  2644 | D:5      | Killed Duvessa
  2644 | D:5      | Reached skill level 6 in Maces & Flails
  2648 | D:5      | Killed Dowan
  3057 | D:4      | Found a runed translucent door.
  3058 | D:4      | Noticed Crazy Yiuf
  3216 | D:4      | Killed Crazy Yiuf
  3216 | D:4      | Reached skill level 7 in Maces & Flails
  3216 | D:4      | Reached XP level 8. HP: 48/48 MP: 8/8
  3667 | D:3      | Killed Sigmund
  3667 | D:3      | Reached skill level 5 in Armour
  3667 | D:3      | Reached skill level 5 in Shields
  4326 | D:3      | Killed Grinder
  4326 | D:3      | Reached skill level 8 in Maces & Flails
  5054 | D:6      | Reached XP level 9. HP: 34/52 MP: 9/9
  5454 | D:6      | Reached skill level 9 in Maces & Flails
  5818 | D:6      | Reached skill level 5 in Fighting
  6236 | D:6      | Reached skill level 10 in Maces & Flails
  6478 | D:7      | Found a staircase to the Ecumenical Temple.
  6559 | D:7      | Noticed Menkaure
  6565 | D:7      | Killed Menkaure
  6609 | D:7      | Reached XP level 10. HP: 60/60 MP: 10/10
  6721 | D:7      | Reached skill level 11 in Maces & Flails
  7061 | Temple   | Entered the Ecumenical Temple
  7246 | Temple   | Became a worshipper of Warmaster Okawaru
  7308 | D:8      | Found a white marble altar of Elyvilon.
  7553 | D:8      | Gained mutation: You expend magic power (3 MP) to
                  | strengthen your wands. [potion of mutation]
  7553 | D:8      | Gained mutation: You are dopey. (Int -2) [potion of
                  | mutation]
  7553 | D:8      | Gained mutation: You have a pair of small horns on your
                  | head. [potion of mutation]
  7553 | D:8      | Gained mutation: You are partially covered in large bone
                  | plates. (SH +4) [potion of mutation]
  7558 | D:8      | Slain by an orc warrior

Levels and vault maps discovered:
D:1:      psy_arrival_statuary, layout_basic
D:2:      layout_loops_ring, nicolae_ashenzari_panopticon,
          overflow_temple_1_default, chequers_ecumenical_altar_simple,
          first_ration, st_stairs_1, chequers_serial_rivers_micro_a
D:3:      layout_loops_ring, uniq_sigmund, uniq_grinder
D:4:      layout_gridville, grunt_ministairs_13, dk_vineyard_1, uniq_duvessa,
          uniq_crazy_yiuf_cottage
D:5:      layout_rooms
D:6:      layout_loops_ring, hex_medium, corexii_shack,
          kennysheep_opposing_triangles
D:7:      layout_gridville, minmay_temple_entry_antechambers, grunt_livestock,
          uniq_menkaure
D:8:      layout_loops_corners, kennysheep_vampire_church, lemuel_round_altar,
          elyvilon_altar_3
Temple:   eino_narrow_crystal_temple

Skill      XL: |  1  2  3  4  5  6  7  8  9 10 |
---------------+-------------------------------+-----
Maces & Flails | 3 4 5 7 8 10 11 | 11.1
Armour         | 4 5 6 |  6.3
Shields        | 4 5 6 7 |  7.2
Dodging        | 1 2 3 |  3.0
Fighting       | 4 5 |  5.9

Action                   |  1- 3 |  4- 6 |  7- 9 | 10-12 || total
-------------------------+-------+-------+-------+-------++-------
Melee: Flail             |   120 |   193 |   411 |   100 ||   824
       Mace              |       |       |   249 |       ||   249
  Use: Potion            |     3 |     2 |     6 |     2 ||    13
       Scroll            |     2 |     2 |     8 |       ||    12
  Eat: Chunk             |       |     6 |    13 |     2 ||    21
       Ration            |       |       |       |     1 ||     1
Armor: Scale mail        |    88 |    98 |   329 |       ||   515
       Plate armour      |       |       |    10 |    39 ||    49
Dodge: Dodged            |    35 |    85 |   212 |    25 ||   357
Block: Shield            |    76 |   106 |   329 |    62 ||   573

Table legend:
 A = Non-vault XP
 B = Vault XP
 C = Vault XP percentage of total XP
 D = Non-vault monster count
 E = Vault monster count
 F = Vault count percentage of total count
                 A         B        C        D         E       F
            +---------+---------+-------+---------+---------+-------
      Total |    4301 |    1942 |  31.1 |     193 |      16 |   7.7
            +---------+---------+-------+---------+---------+-------
        D:1 |      65 |       0 |   0.0 |      24 |       0 |   0.0
        D:2 |      54 |       1 |   1.8 |      21 |       1 |   4.5
        D:3 |     359 |     482 |  57.3 |      34 |       2 |   5.6
        D:4 |     383 |      40 |   9.5 |      11 |       1 |   8.3
        D:5 |     498 |     261 |  34.4 |      17 |       3 |  15.0
        D:6 |    1270 |      23 |   1.8 |      34 |       3 |   8.1
        D:7 |    1185 |    1135 |  48.9 |      41 |       6 |  12.8
        D:8 |     487 |       0 |   0.0 |      11 |       0 |   0.0
            +---------+---------+-------+---------+---------+-------
